Celery, chaotic female sylph Rogue - ..| ...| # .... sE##### ---+----- # |.<.....| ### |.-----.| # |.| |.|### |.-----.|# |...^....# --------- Celery the Cutpurse Experience level: 3 Strength: 12 Dexterity: 20 Constitution: 10 Intelligence: 15 Wisdom: 12 Charisma: 8 Health: 0(19) Energy: 13(13) Def: 0 Gold: 684 Moves: 2916 Dungeon seed: sNJRVYw-hXVH3bQG Game ID: Celery_1469477751 Your Inventory: Coins $ - 684 gold pieces Weapons a - an uncursed +0 short sword (alternate weapon; not wielded) b - 9 uncursed +0 daggers (in quiver) u - 6 cursed -1 silver arrows F - an uncursed +0 dagger (weapon in hand) Comestibles I - 5 uncursed food rations Scrolls p - an uncursed scroll of enchant armor z - an uncursed scroll of enchant weapon D - 3 uncursed scrolls of scare monster K - a cursed scroll of light R - a cursed scroll of remove curse Spellbooks o - an uncursed spellbook of magic mapping Potions c - an uncursed potion of sickness i - an uncursed potion of gain energy j - an uncursed potion of healing C - a potion of holy water E - an uncursed potion of monster detection H - an uncursed potion of booze Rings A - an uncursed +1 ring of increase damage Wands h - an uncursed wand of opening (0:3) v - an uncursed wand of enlightenment (0:12) W - an uncursed wand of secret door detection (0:13) Tools d - an uncursed lock pick f - an uncursed sack g - an uncursed blindfold w - an uncursed tin whistle Spells and supernatural/magical abilities: Name Level Category Fail Memory W - pray for help -- divine ? -- Your skills at the end: Miscellaneous Skills wands [Basic] Weapon Skills dagger [Basic] short sword [Basic] Spellcasting Skills healing spells [Basic] Final Attributes: You were piously aligned. You saw invisible. You were stealthy. You were protected from shape changers. You are dead. Vanquished creatures: a small mimic a gray ooze a centipede a werejackal a hobbit 4 geckos a giant rat a yellow mold 14 jackals a fox 4 newts 5 grid bugs a lichen a kobold zombie 37 creatures vanquished. Voluntary challenges: You were vegetarian. You were an atheist. You used a wielded weapon 28 times, starting on turn 135. You did not apply a unicorn horn. You read items or engraved 2 times, starting on turn 574. You never genocided any monsters. You never polymorphed an object. You never changed form. You used no wishes. You never split a pudding. You never wrote Elbereth's name. You never violated your personal moral code. Dungeon overview: The Dungeons of Doom: levels 1 to 7 Level 1 a long staircase Level 2 Level 3 a delicatessen, a fountain Level 4 a long staircase Level 5 a fountain Level 6 Level 7 <- You were here History has recorded: On T:1 you entered the Dungeons of Doom to retrieve the Amulet of Yendor! On T:298 you reached level 2 of The Dungeons of Doom. On T:869 you reached level 3 of The Dungeons of Doom. On T:1056 you advanced to experience level 2. On T:1278 you advanced to experience level 3. On T:1601 you reached level 4 of The Dungeons of Doom. On T:1985 you reached level 5 of The Dungeons of Doom. On T:2375 you reached level 6 of The Dungeons of Doom. On T:2880 you reached level 7 of The Dungeons of Doom. Score breakdown: Gold: 684 ( 68 points) Experience: 3 levels ( 200 points) Exploration: 7 levels ( 180 points) Discoveries: 3 items ( 150 points) Variety of kills: 14 monsters ( 700 points) Major goal: (nothing yet) ( 0 points) Survival: died (score multiplied by 3) Total score: 3894 Latest messages: Perhaps that's why you cannot move it. You hear a monster behind the boulder. Perhaps that's why you cannot move it. You hear a monster behind the boulder. Perhaps that's why you cannot move it. You displace Taco. You see here 11 rocks. With great effort you move the boulder. You produce a high whistling sound. K - a scroll labeled THARR. You stumble into a spider web! You are stuck to the web. You disentangle yourself. You see here 2 food rations. I - 2 food rations. You stop exploring. You stab the giant spider. The giant spider bites! The giant spider's bite was poisoned! The dagger hits the giant spider. The giant spider bites! (2x) You die... The sack is empty. Final status: Goodbye Celery the Rogue, killed by a giant spider... You died in The Dungeons of Doom on dungeon level 7 with 3894 points, and 684 pieces of gold, after 2916 moves. You were level 3 with a maximum of 19 hit points when you died.